 Dungeon Crawl Stone Soup version 0.28-a0-664-gc179e30c89 (webtiles) character file.

Game seed: 1094656466258133717

2688 namoto the Shooter (level 9, -2/78 HPs)
             Began as a Black Draconian Hunter on Oct 15, 2021.
             Was a Believer of Fedhas.
             Slain by an Executioner (8 damage)
             ... on level 2 of the Abyss.
             The game lasted 00:23:06 (7470 turns).

namoto the Shooter (Black Draconian Hunter)         Turns: 7470, Time: 00:23:07

Health: -2/78      AC: 10    Str: 13 (15) XL:     9   Next: 38%
Magic:  9/9        EV: 13    Int: 10 (12) God:    Fedhas [**....]
Gold:   250        SH:  0    Dex: 13 (14) Spells: 8/8 levels left

rFire   x . .      SeeInvis .   a - +1 shortbow
rCold   + . .      Faith    +   (shield currently unavailable)
rNeg    . . .      Spirit   .   (armour unavailable)
rPois   .          Reflect  .   t - +2 hat
rElec   +          Harm     .   (no cloak)
rCorr   .          Rampage  .   (no gloves)
Will    .....                   u - +0 pair of boots
Stlth   +++.......              y - amulet of faith
HPRegen 0.23/turn               v - ring of ice
MPRegen 0.11/turn               (no ring)

@: hasted, very quick
A: breathe lightning, AC +7, unfitting armour, electricity resistance,
cold-blooded
a: Breathe Lightning, Renounce Religion, Wall of Briars


You were on level 2 of the Abyss.
You worshipped Fedhas.
Fedhas was pleased with you.
You visited 2 branches of the dungeon, and saw 8 of its levels.
You visited the Abyss 1 time.

You collected 250 gold pieces.

Inventory:

Hand Weapons
 a - a +1 shortbow (weapon)
 e - a +1 whip of electrocution
 n - a +0 dagger of venom
Missiles
 c - 16 arrows (quivered ammo)
 d - 224 stones
 l - 12 poisoned darts
Armour
 t - a +2 hat (worn)
 u - a +0 pair of boots (worn)
Jewellery
 v - a ring of ice (left hand)
 y - an amulet of faith (around neck)
 C - an amulet of reflection
Wands
 z - a wand of digging (5)
 E - a wand of charming (6)
 F - a wand of iceblast (7)
Scrolls
 f - a scroll of fog {unknown}
 g - 3 scrolls of amnesia
 i - 2 scrolls of enchant weapon
 j - 9 scrolls of identify
 p - a scroll of teleportation {unknown}
 r - a scroll of magic mapping {unknown}
 w - a scroll of summoning {unknown}
 x - a scroll of vulnerability {unknown}
 A - a scroll of immolation {unknown}
 D - a scroll of blinking {unknown}
Potions
 b - a potion of haste
 h - 2 potions of attraction
 k - a potion of ambrosia
 m - 3 potions of might
 q - a potion of curing
 s - a potion of lignification


   Skills:
 + Level 6.5 Fighting
 - Level 1.0 Short Blades
 + Level 6.5 Maces & Flails
 * Level 7.1 Bows
 - Level 4.5 Dodging
 - Level 4.5 Stealth


You had 8 spell levels left.
You didn't know any spells.
Your spell library contained the following spells:

 Spells                   Type           Power      Damage    Failure   Level
 Animate Skeleton         Necr           0%         N/A       36%         1
 Apportation              Tloc           0%         N/A       36%         1
 Summon Small Mammal      Summ           0%         N/A       36%         1
 Static Discharge         Conj/Air       0%         N/A       50%         2
 Gell's Gravitas          Tloc           0%         N/A       75%         3
 Lesser Beckoning         Tloc           0%         N/A       75%         3
 Teleport Other           Tloc           0%         N/A       75%         3
 Dispel Undead            Necr           0%         3d6       98%         4
 Sticky Flame             Conj/Fire      0%         2d3       98%         4
 Iskenderun's Battlesphe  Conj           0%         2d6       100%        5
 Iron Shot                Conj/Erth      0%         9d1       100%        6
 Spellforged Servitor     Conj/Summ      0%         N/A       100%        7


Dungeon Overview and Level Annotations

Branches:
Dungeon (7/15)             Temple (1/1) D:4

Altars:
Elyvilon
Fedhas
Hepliaklqana
Nemelex Xobeh
Ru
Trog
Uskayaw
Xom
Zin
The Shining One

Annotations:
D:4 2 runed translucent doors, bmj180's ghost, novice DrCj
D:5 3 runed translucent doors, sn0wgr3's ghost, novice GrFi


Innate Abilities, Weirdness & Mutations

You can breathe wild blasts of lightning.
Your glossy black scales are hard. (AC +7)
You cannot fit into any form of body armour.
You are resistant to electric shocks. (rElec)
You are cold-blooded and may be slowed by cold attacks.


Message History

i - 2 scrolls of enchant weapon The large abomination hits you!!
As you read the scroll labelled ISKEL FOMAA, it crumbles to dust.
A profound silence engulfs you.
It was a scroll of silence.
Magic scrolls do not work when you're silenced!
The large abomination hits you but does no damage.
The large abomination hits you!
You feel yourself speed up. The large abomination hits you.
Found 9 gold pieces.
Found a scroll of identify.
j - 9 scrolls of identify (gained 1)
A large abomination comes into view.
The large abomination hits you!
The large abomination hits you but does no damage.
Found a gateway leading deeper into the Abyss.
Your hearing returns.
Your extra speed is starting to run out.
A small abomination comes into view.
Found a gateway leading deeper into the Abyss.
A hellwing comes into view.
The hellwing gives a chilling moan.
You feel yourself slow down.
You feel yourself speed up.
An Executioner comes into view.
The Executioner gives a hideous shriek!
The Executioner gestures.
The Executioner seems to speed up.
The Executioner hits you!
The Executioner hits you but does no damage.
The Executioner hits you.
* * * LOW HITPOINT WARNING * * *
The Executioner hits you but does no damage.
The Executioner hits you.
* * * LOW HITPOINT WARNING * * *
The Executioner hits you but does no damage.
The Executioner hits you!
* * * LOW HITPOINT WARNING * * *
The Executioner hits you!
You die...
Fedhas appreciates your contribution to the ecosystem.

.# ## ... #.#
###..
#..##...#..
#....... . #
#...... .##
#..#..#.# ..#
#..@#.#..##
#...#1.#...#
#..##...#..#.#
#...#........#
####.#...#.#...
..##..#### .
##.#.##..#
.#..#.#...# #
#..#.#.#.#


You could see an Executioner (fast).

Vanquished Creatures
  6 yaks (D:7)
  3 ice beasts (D:6)
  A hornet zombie (D:4)
  A black bear (D:5)
  A sky beast (D:6)
  A necrophage (D:7)
  3 ogres
  A centaur (D:7)
  A bullfrog (D:6)
  3 scorpions
  A howler monkey (D:6)
  A centaur zombie (D:7)
  A hound (D:5)
  A jelly (D:5)
  A bullfrog skeleton (D:5)
  A gnoll shaman (D:6)
  An iguana (D:5)
  5 orc wizards
  A hound skeleton (D:5)
  7 gnolls
  5 adders
  5 white imps
  An ufetubus (D:5)
  2 worms (D:2)
  4 dart slugs
  19 orcs
  A bat (D:1)
  8 endoplasms
  4 giant cockroaches
  6 goblins
  9 hobgoblins
  7 kobolds
  3 quokkas
  7 ball pythons
  A frilled lizard (D:3)
  A jackal skeleton (D:4)
  9 rats
133 creatures vanquished.

Vanquished Creatures (others)
  A hobgoblin (D:1)
  A quokka (D:5)
2 creatures vanquished.

Grand Total: 135 creatures vanquished

Notes
Turn   | Place    | Note
-------+----------+-------------------------------------------
     0 | D:1      | namoto the Draconian Hunter began the quest for the Orb.
     0 | D:1      | Reached XP level 1. HP: 17/17 MP: 1/1
   365 | D:1      | Reached XP level 2. HP: 24/24 MP: 2/2
   375 | D:1      | Reached skill level 4 in Bows
   425 | D:1      | Reached skill level 1 in Short Blades
   695 | D:1      | Found a faded altar of an unknown god.
   701 | D:1      | Reached skill level 1 in Stealth
   725 | D:1      | Reached XP level 3. HP: 26/30 MP: 3/3
  1442 | D:2      | Reached XP level 4. HP: 37/37 MP: 4/4
  1938 | D:3      | Reached XP level 5. HP: 45/45 MP: 5/5
  2486 | D:4      | Found a staircase to the Ecumenical Temple.
  2494 | D:4      | Found a runed translucent door.
  2498 | Temple   | Entered the Ecumenical Temple
  2520 | Temple   | Became a worshipper of Fedhas Madash
  2572 | D:4      | Noticed an ogre
  2578 | D:4      | Killed an ogre
  2625 | D:4      | Found a runed translucent door.
  2626 | D:4      | Noticed bmj180's ghost (novice DrCj)
  2719 | D:4      | Reached XP level 6. HP: 52/52 MP: 6/6
  3275 | D:4      | Found a shimmering altar of Xom.
  3486 | D:5      | Entered Level 5 of the Dungeon
  3525 | D:5      | Noticed sn0wgr3's ghost (novice GrFi)
  3526 | D:5      | Noticed an orc warrior
  3529 | D:5      | Found a runed translucent gate.
  3529 | D:5      | Found a runed translucent gate.
  3529 | D:5      | Found a runed translucent gate.
  3581 | D:5      | Reached skill level 5 in Bows
  3699 | D:5      | Found a white marble altar of Elyvilon.
  3902 | D:5      | Reached * piety under Fedhas
  3918 | D:5      | Your scales start taking on a glossy black colour.
  3918 | D:5      | Reached XP level 7. HP: 60/60 MP: 7/7
  3918 | D:5      | Gained mutation: You are resistant to electric shocks.
                  | (rElec) [Black Draconian growth]
  4492 | D:6      | Reached skill level 5 in Fighting
  4948 | D:6      | Reached XP level 8. HP: 68/68 MP: 8/8
  5109 | D:6      | Reached ** piety under Fedhas
  5110 | D:6      | Reached skill level 1 in Maces & Flails
  5971 | D:6      | Reached skill level 5 in Maces & Flails
  6256 | D:7      | Reached skill level 6 in Bows
  6603 | D:7      | Reached XP level 9. HP: 75/75 MP: 9/9
  6640 | D:7      | Reached skill level 7 in Bows
  7214 | D:7      | Noticed a wizard
  7241 | D:7      | Cast into level 2 of the Abyss (a wizard)
  7256 | Abyss:2  | Found a shimmering blue altar of Sif Muna.
  7293 | Abyss:2  | Noticed a smoke demon
  7305 | Abyss:2  | Noticed a hell hog
  7388 | Abyss:2  | Noticed a large abomination
  7394 | Abyss:2  | Noticed an ancient zyme
  7425 | Abyss:2  | Noticed a hellwing
  7461 | Abyss:2  | Noticed an Executioner
  7470 | Abyss:2  | Slain by an Executioner

Illustrated notes

Levels and vault maps discovered:
D:1:      shiori_arrival_maze, layout_basic,
          shapermc_ecumenical_altar_starsandcircs, st_stairs_7
D:2:      layout_loops_ring
D:3:      layout_basic
D:4:      layout_gridville, general_overflow_altar, temple_fountains,
          ebering_ghost_sewer_f
D:5:      layout_loops_ring, elyvilon_altar_4, gammafunk_ghost_split
D:6:      layout_loops_ring
D:7:      cheibrodos_wizards_tower, layout_basic
Temple:   nicolae_temple_great_sept
Abyss:2:  base: D:3, hangedman_shadowy_showcase, hangedman_eye_storm,
          hangedman_eye_storm

Skill      XL: |  1  2  3  4  5  6  7  8  9 |
---------------+----------------------------+-----
Bows           | 4 5 6 7 |  7.1
Short Blades   | 1 |  1.0
Dodging        | 2 3 4 |  4.5
Stealth        | 1 2 3 4 |  4.5
Fighting       | 3 4 5 6 |  6.5
Maces & Flails | 6 |  6.5

Action                   |  1- 3 |  4- 6 |  7- 9 || total
-------------------------+-------+-------+-------++-------
Melee: Short sword       |    13 |       |       ||    13
       Tailslap          |     8 |     2 |    10 ||    20
       Whip              |    49 |    17 |    70 ||   136
       Dagger            |       |       |    12 ||    12
 Fire: Shortbow          |    50 |   169 |   230 ||   449
 Abil: Breathe Lightning |       |       |     1 ||     1
Evoke: Wand              |       |       |     5 ||     5
  Use: Potion            |       |     3 |    10 ||    13
       Scroll            |       |       |     3 ||     3
 Stab: Sleeping          |     1 |       |       ||     1
       Invisible         |       |       |     2 ||     2
Armor: Skin              |    20 |    16 |    73 ||   109
Dodge: Dodged            |    41 |    42 |    87 ||   170

Table legend: (Time is in decaauts)
 A = Elapsed time spent in this place.
 B = Non-inter-level travel time spent in this place.
 C = Inter-level travel time spent in this place.
 D = Time resting spent in this place.
 E = Time spent auto-exploring this place.
 F = Levels seen in this place.
 G = Mean time per level.
                   A        B        C        D        E       F      G
               +--------+--------+--------+--------+--------+-----+--------+
         Total |   7413 |   7245 |    168 |    762 |   4835 |   9 |  823.7 |
       Dungeon |   7199 |   7031 |    168 |    762 |   4819 |   7 | 1028.4 |
        Temple |     32 |     32 |      0 |      0 |     16 |   1 |   32.0 |
         Abyss |    181 |    181 |      0 |      0 |      0 |   1 |  181.0 |
               +--------+--------+--------+--------+--------+-----+--------+

Top non-repeatable levels by time:
     D:6: 1575 daAuts
     D:7: 1178 daAuts
     D:5: 992 daAuts
     D:4: 974 daAuts
     D:1: 869 daAuts
     D:2: 845 daAuts
     D:3: 762 daAuts
 Abyss:2: 181 daAuts
  Temple: 32 daAuts
